 Dungeon Crawl Stone Soup version 0.29-a0-617-g7a6b98fccd (webtiles) character file.

Game seed: 14248760002514258591

158 Kaemin the Insei (level 5, -8/47 HPs)
             Began as a Minotaur Monk on June 17, 2022.
             Was a Priest of Kikubaaqudgha.
             Killed by divine providence
             ... invoked by an orc priest
              (16 damage)
             ... on level 3 of the Dungeon on June 18, 2022.
             The game lasted 00:18:47 (1978 turns).

Kaemin the Insei (Minotaur Monk)                    Turns: 1978, Time: 00:18:47

Health: -8/47      AC:  3    Str: 15    XL:     5   Next: 16%
Magic:  3/4        EV: 13    Int:  7    God:    Kikubaaqudgha [***...]
Gold:   108        SH:  0    Dex: 15    Spells: 0/4 levels left

rFire   . . .      SeeInvis .     - Unarmed
rCold   . . .      Faith    .   (no shield)
rNeg    . . .      Spirit   .   a - +1 robe
rPois   .          Reflect  .   (helmet currently unavailable)
rElec   .          Harm     .   (no cloak)
rCorr   .          Rampage  .   (no gloves)
Will    .....                   (boots currently unavailable)
Stlth   ++........              (no amulet)
HPRegen 0.15/turn               (no ring)
MPRegen 0.09/turn               (no ring)

@: lethally poisoned (-8 -> -11), appendages (expiring)
A: talons 2, horns 2, retaliatory headbutt
a: End Transformation, Renounce Religion, Unearth Wretches


You were on level 3 of the Dungeon.
You worshipped Kikubaaqudgha.
Kikubaaqudgha was most pleased with you.
You had temporarily grown beastly talons.
You visited 1 branch of the dungeon, and saw 3 of its levels.

You collected 108 gold pieces.

Inventory:

Hand Weapons
 f - a +1 short sword of speed
 n - a +0 quarterstaff
Missiles
 c - 7 poisoned darts (quivered)
Armour
 a - a +1 robe (worn)
 h - a +0 ring mail
 l - a +0 leather armour
 m - a +0 chain mail
Scrolls
 b - a scroll of enchant weapon {unknown}
 d - 2 scrolls of teleportation {unknown}
 e - 2 scrolls of identify {unknown}
 j - a scroll of poison {unknown}
 k - a scroll of fear {unknown}
Potions
 g - a potion of flight {unknown}
 i - a potion of brilliance


   Skills:
 + Level 4.3 Fighting
 + Level 4.2 Dodging
 + Level 2.2 Stealth
 + Level 5.1 Unarmed Combat


You couldn't memorise any spells.
You knew the following spells:

 Your Spells              Type           Power      Damage    Failure   Level
a - Necrotize             Necr           0%         1d4       43%         1
b - Wereblood             Tmut           0%         N/A       56%         2
c - Beastly Appendage     Tmut           0%         N/A       43%         1

Your spell library contained the following spells:

 Spells                   Type           Power      Damage    Failure   Level
 Magic Dart               Conj           0%         1d3       43%         1
 Ensorcelled Hibernation  Hex/Ice        0%         N/A       56%         2
 Passwall                 Tmut/Erth      0%         N/A       56%         2
 Sublimation of Blood     Necr           0%         N/A       56%         2
 Gell's Gravitas          Tloc           0%         N/A       80%         3
 Spider Form              Tmut/Pois      0%         N/A       80%         3
 Swiftness                Air            0%         N/A       80%         3
 Teleport Other           Tloc           0%         N/A       80%         3
 Vampiric Draining        Necr           0%         2d6       80%         3
 Anguish                  Hex/Necr       0%         N/A       99%         4
 Corpse Rot               Necr/Pois/Air  0%         N/A       99%         4
 Agony                    Necr           0%         N/A       100%        5
 Borgnjor's Vile Clutch   Necr/Erth      0%         N/A       100%        5
 Death Channel            Necr           0%         N/A       100%        6
 Dispersal                Tloc           0%         N/A       100%        6
 Simulacrum               Ice/Necr       0%         N/A       100%        6


Dungeon Overview and Level Annotations

Branches:
Dungeon (3/15)

Altars:
Ashenzari
Kikubaaqudgha

Shops:
D:2 =


Innate Abilities, Weirdness & Mutations

You have temporarily grown beastly talons.
You have a pair of horns on your head.
You reflexively headbutt those who attack you in melee.


Message History

The orc shouts!
The orc priest shouts!
An adder comes into view.
The orc shouts! x2; The adder hisses angrily.
The orc priest shouts!
You hit the orc.
The orc is heavily wounded.
The orc barely misses you.
The orc priest looks braver for a moment.
You punch the orc!
You kill the orc!
Kikubaaqudgha accepts your kill.
The orc hits you with a +1 war axe of freezing.
The orc freezes you.
You closely miss the orc. Your headbutt misses the orc.
The orc barely misses you.
You closely miss the orc. The adder barely misses you. The orc misses you.
The orc priest mumbles some strange prayers to Beogh against you.
Beogh smites you!
You hit the orc.
The orc is lightly wounded.
Your primal bloodlust has ended.
The adder bites you.
You are poisoned.
The adder poisons you!
You miss the adder. Your headbutt misses the adder.
You feel sick.
The orc hits you with a +1 war axe of freezing.
The orc freezes you.
The orc priest calls upon Beogh to heal the orc.
The orc's wounds heal themselves!
The adder barely misses you.
Casting: Wereblood (dangerous; 56% risk of failure)
Confirm with . or Enter, or press ? or * to list all spells.
Your feet morph into talons.
You feel sick. The adder bites you. The orc closely misses you.
The orc hits you with a +1 war axe of freezing!
* * * LOW HITPOINT WARNING * * *
The orc freezes you.
* * * LOW HITPOINT WARNING * * *
The orc priest mumbles some strange prayers to Beogh against you.
Beogh smites you!
You die...
Kikubaaqudgha rasps: "You have failed me!
Welcome... death!"

#........ ##########
#.......# .........#
#.......# ###......#
#.......# #......#
#.......# #......#
#.o.....#
###......######oSo....#
..'......'.....o@.....#
.##......######.....#.#
..........# #.....#
..........#####.....#
....................+
...........####.....#
...........# #.....#
...........# ##.....#
<..........# #......+


You could see 2 orc priests, an adder and 2 orcs.

Vanquished Creatures
  A scorpion (D:3)
  An orc wizard (D:3)
  2 worms (D:3)
  3 orcs (D:3)
  2 endoplasms
  4 giant cockroaches
  6 goblins
  4 hobgoblins
  10 jackals
  3 kobolds
  2 quokkas (D:1)
  8 ball pythons
  3 bats (D:1)
  8 frilled lizards
  4 rats
61 creatures vanquished.

Vanquished Creatures (others)
  6 fungi (D:1)
  A plant (D:1)
7 creatures vanquished.

Grand Total: 68 creatures vanquished

Notes
Turn   | Place    | Note
-------+----------+-------------------------------------------
     0 | D:1      | Kaemin the Minotaur Monk began the quest for the Orb.
     0 | D:1      | Reached XP level 1. HP: 19/19 MP: 0/0
    88 | D:1      | Reached XP level 2. HP: 21/27 MP: 1/1
   248 | D:1      | Found a faded altar of an unknown god.
   267 | D:1      | Got Plato's Handbook of Conjuration
   268 | D:1      | Prayed at the altar of an unknown god.
   268 | D:1      | Became a worshipper of Kikubaaqudgha
   268 | D:1      | Reached * piety under Kikubaaqudgha
   268 | D:1      | Received a gift from Kikubaaqudgha
   268 | D:1      | Reached ** piety under Kikubaaqudgha
   272 | D:1      | Learned a level 1 spell: Necrotize
   526 | D:1      | Reached XP level 3. HP: 33/33 MP: 2/2
   634 | D:2      | Reached *** piety under Kikubaaqudgha
   634 | D:2      | Received a gift from Kikubaaqudgha
   635 | D:2      | Reached skill level 4 in Unarmed Combat
  1050 | D:2      | Found Deoppaqu's Jewellery Emporium.
  1420 | D:3      | Reached XP level 4. HP: 33/40 MP: 3/3
  1569 | D:3      | Noticed a scorpion
  1582 | D:3      | Killed a scorpion
  1583 | D:3      | Reached skill level 5 in Unarmed Combat
  1583 | D:3      | Reached XP level 5. HP: 47/47 MP: 4/4
  1818 | D:3      | Found a broken altar of Ashenzari.
  1837 | D:3      | Learned a level 2 spell: Wereblood
  1839 | D:3      | Learned a level 1 spell: Beastly Appendage
  1978 | D:3      | Killed from afar by an orc priest

Illustrated notes

Levels and vault maps discovered:
D:1:      minmay_arrival_three_doors, layout_rooms,
          shapermc_ecumenical_altar_rom_forum, chequers_serial_rivers_micro_d
D:2:      layout_loops_ring, serial_aquarium, aquarium_bridge_long_joined
          [aquarium_subvault_window, aquarium_subvault_balcony,
          aquarium_subvault_bridge, aquarium_subvault_wall,
          aquarium_subvault_bridge, aquarium_subvault_wall],
          aquarium_bridge_square [aquarium_subvault_window,
          aquarium_subvault_bridge, aquarium_subvault_balcony,
          aquarium_subvault_wall], aquarium_window_1, aquarium_window_2,
          aquarium_window_1, aquarium_view_2e, aquarium_pool_2, serial_shops,
          shop_fountains
D:3:      layout_basic, lemuel_coloured_pillars_altar

Skill      XL: |  1  2  3  4 |
---------------+-------------+-----
Fighting       | 4 |  4.3
Unarmed Combat | 4 5 |  5.1
Dodging        | 4 |  4.2
Stealth        | 2 |  2.2

Action                   |  1- 3 |  4- 6 || total
-------------------------+-------+-------++-------
Melee: Unarmed           |   106 |    22 ||   128
       Headbutt          |    20 |     2 ||    22
       Punch             |     1 |       ||     1
 Cast: Beastly Appendage |       |     1 ||     1
       Wereblood         |       |     1 ||     1
  Use: Scroll            |     1 |       ||     1
       Potion            |     1 |     1 ||     2
 Stab: Sleeping          |     3 |     2 ||     5
Armor: Robe              |    20 |       ||    20
Dodge: Dodged            |    71 |    17 ||    88

Table legend: (Time is in decaauts)
 A = Elapsed time spent in this place.
 B = Non-inter-level travel time spent in this place.
 C = Inter-level travel time spent in this place.
 D = Time resting spent in this place.
 E = Time spent auto-exploring this place.
 F = Levels seen in this place.
 G = Mean time per level.
                   A        B        C        D        E       F      G
               +--------+--------+--------+--------+--------+-----+--------+
         Total |   1967 |    981 |    986 |      0 |    584 |   3 |  655.7 |
       Dungeon |   1967 |    981 |    986 |      0 |    584 |   3 |  655.7 |
               +--------+--------+--------+--------+--------+-----+--------+

Top non-repeatable levels by time:
     D:2: 710 daAuts
     D:3: 629 daAuts
     D:1: 627 daAuts
